Map: New Repugnancy LE

Players

Zaralus - Winner!

  • Race: Terran Terran
  • League: Platinum
  • Spawn Location: 7:00

pHARM

  • Race: Zerg Zerg
  • League: Platinum
  • Spawn Location: 1:00

VOD

Have the link to the VOD?

Description

Time

  • Played on: Aug. 5, 2019, 5:33 p.m.
  • Length: 11:18
Show
View Real Time Build Order
Export as new Build Order

Zaralus Terran - Winner!

Build Orders: Reaper Expand 

Get SALT Encoding   

  12  0:03  SCV  
  13  0:15  SCV  
  13  0:20  Supply Depot  
  14  0:27  SCV  
  15  0:41  SCV  
  16  0:43  Barracks  
  16  0:54  SCV  
  16  0:55  Refinery  
  17  1:06  SCV  
  18  1:18  SCV  
  19  1:30  Orbital Command  
  19  1:33  Supply Depot  
  19  1:38  Reaper  
  20  1:49  Command Center  
  20  1:56  Refinery  
  20  1:59  SCV  
  21  2:17  Barracks Reactor  
  21  2:22  SCV  
  22  2:33  Factory  
  22  2:34  SCV, Barracks  
  23  2:46  SCV  
  24  2:55  Marine  
  24  2:56  Marine  
  24  2:58  SCV  
  27  3:17  Marine x2  
  29  3:20  Factory Tech Lab  
  29  3:21  Barracks Tech Lab  
  29  3:23  Starport  
  29  3:31  Orbital Command  
  29  3:45  Stimpack  
  29  3:48  Orbital Command  
  29  3:50  Barracks  
  29  3:51  Supply Depot  
  29  3:56  Combat Shield  
  29  4:09  Hellion  
  31  4:10  Hellion  
  31  4:14  SCV  
  34  4:19  SCV  
  34  4:23  Marine  
  36  4:24  Marine  
  36  4:27  Starport Reactor  
  37  4:37  Hellion x2  
  41  4:40  SCV x2  
  43  4:46  Supply Depot  
  43  4:52  SCV x2  
  49  5:00  Hellion x2  
  49  5:04  SCV x2  
  51  5:11  Marauder  
  51  5:12  Barracks Reactor, Marauder  
  51  5:13  Medivac  
  56  5:22  Widow Mine x2  
  56  5:23  Medivac  
  62  5:33  Refinery  
  62  5:36  Supply Depot  
  62  5:40  Supply Depot  
  62  5:44  Supply Depot  
  62  5:55  Supply Depot  
  62  5:57  SCV x2, Marine x2  
  62  6:00  Supply Depot  
  62  6:03  Marine x2  
  68  6:04  Medivac x2  
  72  6:12  Supply Depot  
  72  6:15  Marine  
  72  6:16  Supply Depot  
  72  6:18  SCV x2  
  75  6:21  Marine x2  
  75  6:23  Widow Mine x2  
  81  6:30  SCV x2  
  83  6:37  Marauder  
  83  6:38  Concussive Shells  
  83  6:39  Marauder  
  87  7:01  Medivac x2  
  87  7:03  Marine  
  87  7:04  Marine  
  87  7:05  Marauder x2  
  97  7:14  Barracks  
  97  7:15  Factory Tech Lab  
  97  7:19  Command Center  
  97  7:21  Marine x2  
  97  7:22  Refinery  
  99  7:26  Marine, Marauder  
  98  7:39  Marine  
  93  8:11  Marine x3  
  93  8:12  Marauder  
  94  8:16  Siege Tank  
  94  8:18  Medivac x2  
  101  8:22  Engineering Bay  
  101  8:23  Engineering Bay  
  101  8:25  Armory  
  101  8:29  Marauder  
  101  8:30  Command Center  
  101  8:32  Marine, Command Center, Barracks  
  101  8:33  Marine, Marauder  
  107  8:34  Barracks  
  107  8:47  Supply Depot  
  107  8:48  Supply Depot  
  107  8:49  Siege Tank  
  110  9:04  Marine  
  110  9:05  Marine x2  
  110  9:06  Marine, Marauder x2  
  118  9:14  Supply Depot x2  
  118  9:17  Terran Infantry Weapons Level 1  
  118  9:19  Terran Vehicle And Ship Armor Level 1  
  118  9:24  Planetary Fortress  
  118  9:27  Marine  
  118  9:28  Barracks Tech Lab  
  118  9:30  Barracks Reactor  
  119  9:32  Barracks Reactor  
  119  9:33  Marine  
  119  9:35  Marine  
  124  9:50  Orbital Command  
  124  9:51  Orbital Command  
  121  10:15  Marine x5  
  121  10:16  Marine x2  
  121  10:17  Marine  
  107  10:44  Marine x3  
  107  10:45  Marine x2  
  107  10:46  Marine x2  
  107  10:47  Marauder x2, Medivac  
  107  10:48  Medivac  
Show
View Real Time Build Order
Export as new Build Order

pHARM Zerg 

Build Orders: Hatch First 

Get SALT Encoding   

  12  0:02  Drone  
  13  0:13  Overlord  
  13  0:18  Drone  
  14  0:31  Drone x2  
  16  0:49  Drone x2  
  18  1:04  Hatchery  
  17  1:11  Drone  
  17  1:16  Drone, Spawning Pool  
  18  1:26  Drone  
  19  1:38  Drone  
  20  1:44  Extractor  
  20  1:46  Drone  
  20  2:00  Drone  
  21  2:13  Zergling x2  
  21  2:15  Queen  
  22  2:16  Drone  
  22  2:17  Drone  
  26  2:29  Drone x2  
  28  2:49  Overlord x2  
  28  3:04  Overlord x2  
  27  3:07  Queen  
  29  3:18  Drone x5  
  32  3:28  Drone  
  32  3:30  Lair  
  33  3:46  Queen  
  35  3:48  Drone  
  35  3:49  Drone x3  
  39  4:02  Extractor  
  38  4:04  Extractor  
  37  4:11  Evolution Chamber, Baneling Nest  
  37  4:13  Drone  
  37  4:14  Drone x5  
  41  4:35  Drone  
  41  4:36  Drone x7  
  49  4:59  Zerg Melee Weapons Level 1  
  49  5:06  Evolution Chamber  
  48  5:12  Drone  
  48  5:17  Drone  
  48  5:20  Centrifical Hooks  
  49  5:23  Zergling x20  
  59  5:40  Drone  
  59  5:41  Roach Warren  
  59  5:43  Metabolic Boost  
  59  6:13  Hatchery  
  58  6:21  Zergling x2  
  58  6:22  Zergling x2  
  58  6:23  Overlord  
  58  6:24  Overlord  
  60  6:32  Baneling x6  
  60  6:33  Baneling x4  
  60  6:58  Drone x6  
  60  6:59  Drone x6  
  72  7:04  Overlord  
  72  7:10  Extractor  
  72  7:14  Glial Reconstitution  
  71  7:17  Hydralisk Den  
  69  7:40  Drone x3  
  69  7:41  Drone x8  
  60  8:05  Drone  
  60  8:06  Drone x8  
  67  8:19  Spine Crawler  
  66  8:20  Spine Crawler  
  66  8:21  Spine Crawler x2  
  66  8:24  Extractor x2  
  66  8:25  Drone x3  
  64  8:27  Queen  
  66  8:55  Drone  
  66  8:56  Drone x3  
  70  9:20  Zerg Missile Weapons Level 1  
  70  9:29  Roach x5  
  80  9:32  Overlord  
  80  9:33  Overlord x3  
  80  9:37  Overseer  
  80  9:38  Hatchery  
  79  9:46  Spore Crawler  
  79  9:47  Drone  
  79  9:54  Spore Crawler  
  79  9:59  Drone x6  
  86  10:00  Drone x2  
  86  10:16  Roach  
  86  10:17  Roach x12  
  110  10:33  Roach  
  110  10:34  Roach x7  
  58  10:51  Roach  
  58  10:52  Roach x8  
Tags
 
Add a new tag
Caveats
  • Supply blocks, unpowered buildings, or Contaminate may cause inaccurate times.
  • Supply counts are checked every 10 seconds.